 Dungeon Crawl Stone Soup version 0.31-a0-1159-g800acc2fd1 (webtiles) character file.

Game seed: 10006438711328047592

44 Malachi the Changeling (level 3, 0/43 HPs)
             Began as an Armataur Shapeshifter on Dec 8, 2023.
             Slain by a scorpion (1 damage)
             ... on level 4 of the Dungeon.
             The game lasted 00:01:08 (1312 turns).

Malachi the Changeling (Armataur Shapeshifter)      Turns: 1312, Time: 00:01:09

Health: 0/43       AC: 21    Str: 21    XL:     3   Next: 39%
Magic:  3/3        EV:  1    Int: 10    God:
Gold:   97         SH:  0    Dex:  9    Spells: 2/2 levels left

rFire   . .          .
                       - Unarmed
rCold   . . .        (no shield)
rNeg    . . .        a - melded +0 animal skin
rPois   +            (helmet currently unavailable)
rElec   .            (cloak currently unavailable)
rCorr   .            (gloves currently unavailable)
SInv    .            (no barding)
Will    .....        (no amulet)
Stlth   +            (no ring)
HPRegen 0.27/turn    (no ring)
MPRegen 0.08/turn

%: roll
@: brilliant, lethally poisoned (0 -> -6), tree-form
A: stationary, stasis, torment immunity, boosted hp, large, (deformed body),
(tough skin 3), (armoured tail), roll 1, long tongue
a: no special abilities


You were on level 4 of the Dungeon.
You were a tree.
You visited 1 branch of the dungeon, and saw 3 of its levels.

You collected 97 gold pieces.

Inventory:

Armour
 a - a +0 animal skin (melded)
Talismans
 c - a beast talisman
 d - a flux talisman
 g - a blade talisman
Scrolls
 f - 2 scrolls of identify {unknown}
 h - a scroll of noise {unknown}
 j - a scroll of fog {unknown}
Potions
 i - a potion of resistance {unknown}


   Skills:
 - Level 1.7 Fighting
 - Level 1.3 Dodging
 - Level 3.1 Unarmed Combat
 * Level 3.2 Shapeshifting


You had 2 spell levels left.
You didn't know any spells.
Your spell library contained the following spells:

 Spells                   Type           Power      Damage    Failure   Level
 Lesser Beckoning         Tloc           0%         N/A       50%         2
 Gell's Gravitas          Tloc           0%         N/A       75%         3
 Teleport Other           Tloc           0%         N/A       75%         3


Dungeon Overview and Level Annotations

Branches:
Dungeon (2/15)

Altars:


Innate Abilities, Weirdness & Mutations

You are a tree.
Your roots penetrate the ground, keeping you stationary.
You cannot be teleported.
You are immune to unholy pain and torment.
Your maximum health is greatly increased.
Your equipment is partially melded.
((Armour fits poorly on your strangely shaped body.))
((You have extremely tough skin. (AC +3)))
((You have a long armoured tail.))
You roll when moving toward enemies. (Rampage)
Your long tongue fully drains potion bottles. (2x potion effects)


Message History

A hobgoblin is nearby!
A hobgoblin is nearby!
Found 17 gold pieces and a book of Weapons.
The hobgoblin shouts!
A scorpion comes into view.
Found a stone staircase leading down.
You hit the hobgoblin but do no damage. The hobgoblin hits you.
You barely miss the scorpion. The hobgoblin hits you. The scorpion stings you.
You punch the scorpion!
The scorpion is heavily wounded.
The hobgoblin hits you. The scorpion stings you.
You closely miss the scorpion.
The scorpion is heavily wounded.
The hobgoblin hits you but does no damage.
The scorpion stings you!
You are too injured to fight recklessly!
Unknown command.
You punch the hobgoblin!
You kill the hobgoblin!
The scorpion stings you.
* * * LOW HITPOINT WARNING * * *
You are lethally poisoned!
The scorpion poisons you!
Unknown command.
It was a potion of brilliance.
You feel clever all of a sudden.
You slurp down every last drop of the potion of brilliance!
* * * LOW HITPOINT WARNING * * *
You feel very sick. The scorpion stings you.
* * * LOW HITPOINT WARNING * * *
Your transformation has ended.
You turn into a tree.
Your +0 animal skin melds into your body.
Your roots penetrate the ground.
You slurp down every last drop of the potion of lignification!
* * * LOW HITPOINT WARNING * * *
You feel very sick. The scorpion stings you.
You die...

#######.# #.#
........# #.#
#######.# (..
#.# #.# #.# #
#.# # #.#.# #.#
...####.#.# #.#
..........###..
.......♣......>
..$....†s..##..
........##.#
........# .#
#......## #
:.....# #.##.#
#. #.


You could see a scorpion.

Vanquished Creatures
  Natasha (D:2)
  A giant cockroach (D:1)
  2 hobgoblins
  4 jackals (D:1)
  A ball python (D:1)
  A bat (D:1)
  5 kobolds
  4 rats
19 creatures vanquished.

Notes
Turn   | Place    | Note
-------+----------+-------------------------------------------
     0 | D:1      | Malachi the Armataur Shapeshifter began the quest for the
                  | Orb.
     0 | D:1      | Reached XP level 1. HP: 15/15 MP: 1/1
   183 | D:1      | Reached skill level 1 in Fighting
   401 | D:1      | Reached XP level 2. HP: 22/23 MP: 2/2
   851 | D:2      | Noticed Natasha
   858 | D:2      | Killed Natasha
   859 | D:2      | Reached XP level 3. HP: 13/29 MP: 3/3
  1275 | D:2      | You fall into a shaft and drop 2 floors!
  1303 | D:4      | Noticed a scorpion
  1312 | D:4      | HP: 1/43 [poisoned by a scorpion]
  1312 | D:4      | Slain by a scorpion

Illustrated notes

Levels and vault maps discovered:
D:1:      ebering_trefoil_3fold, layout_loops_corners
D:2:      minmay_evil_eye, layout_loops_ring, kennysheep_generic_room_5,
          uniq_terence, uniq_natasha
D:4:      layout_loops_ring, mainiacjoe_overflow_concentric_impassable,
          lightli_minifort

Skill      XL: |  1  2 |
---------------+-------+-----
Fighting       | 1 |  1.7
Unarmed Combat | 3 |  3.1
Shapeshifting  | 3 |  3.2
Dodging        | |  1.3

Action                     || total
---------------------------++-------
  Melee: Unarmed           ||    64
         Tailslap          ||     4
         Punch             ||     1
    Use: Potion            ||     2
 Armour: Animal skin       ||    37
         Skin              ||     1
  Dodge: Dodged            ||    22

Table legend: (Time is in decaauts)
 A = Elapsed time spent in this place.
 B = Non-inter-level travel time spent in this place.
 C = Inter-level travel time spent in this place.
 D = Time resting spent in this place.
 E = Time spent auto-exploring this place.
 F = Levels seen in this place.
 G = Mean time per level.
                   A        B        C        D        E       F      G
               +--------+--------+--------+--------+--------+-----+--------+
         Total |   1307 |   1259 |     48 |    260 |    854 |   3 |  435.7 |
       Dungeon |   1307 |   1259 |     48 |    260 |    854 |   3 |  435.7 |
               +--------+--------+--------+--------+--------+-----+--------+

Top non-repeatable levels by time:
     D:1: 820 daAuts
     D:2: 450 daAuts
     D:4: 36 daAuts
